 Dungeon Crawl Stone Soup version 0.31-a0-145-g046c7d2549 (webtiles) character file.

Game seed: 6734360224383353475

13 Ijustatesigmund the Stinger (level 2, -2/18 HPs)
             Began as an Octopode Venom Mage on June 7, 2023.
             Succumbed to a kobold's poison
             ... on level 1 of the Dungeon.
             The game lasted 00:00:41 (254 turns).

Ijustatesigmund the Stinger (Octopode Venom Mage)    Turns: 254, Time: 00:00:42

Health: -2/18      AC:  1    Str:  7    XL:     2   Next: 37%
Magic:  4/5        EV: 13    Int: 17    God:
Gold:   0          SH:  0    Dex: 12    Spells: 4/5 levels left

rFire   . . .        (no weapon)
rCold   . . .        (no shield)
rNeg    . . .        (helmet restricted)
rPois   .            (no amulet)
rElec   .            (no ring)
rCorr   .            (no ring)
SInv    .            (no ring)
Will    +....        (no ring)
Stlth   +++          (no ring)
HPRegen 0.23/turn    (no ring)
MPRegen 0.09/turn    (no ring)
                     (no ring)

%: no passive effects
@: lethally poisoned (-2 -> -15), enlightened, flying
A: almost no armour, amphibious, 8 rings, camouflage 1, gelatinous body 1,
(nimble swimmer 1), tentacles
a: no special abilities


You were on level 1 of the Dungeon.
You visited 1 branch of the dungeon, and saw 1 of its levels.

Inventory:

Scrolls
 c - a scroll of acquirement {unknown}
 e - a scroll of vulnerability {unknown}
Potions
 a - a potion of magic
 d - a potion of haste {unknown}


   Skills:
 + Level 0.7 Fighting
 - Level 2.0 Dodging
 - Level 2.6 Stealth
 + Level 2.2 Spellcasting
 + Level 1.4 Transmutations
 + Level 3.9 Poison Magic


You had 4 spell levels left.
You knew the following spells:

 Your Spells              Type           Power      Damage    Failure   Level
a - Sting                 Tmut/Pois      40%        1d5       6%          1

Your spell library contained the following spells:

 Spells                   Type           Power      Damage    Failure   Level
 Poisonous Vapours        Pois/Air       16%        N/A       13%         2
 Mephitic Cloud           Conj/Pois/Air  6%         N/A       32%         3
 Olgreb's Toxic Radiance  Pois           15%        N/A       36%         4


Dungeon Overview and Level Annotations

Branches:
Dungeon (1/15)

Altars:


Innate Abilities, Weirdness & Mutations

You cannot wear most types of armour.
You are amphibious.
You can wear up to eight rings at the same time.
Your skin changes colour to match your surroundings (Stealth+).
Your rubbery body absorbs attacks. (AC +1, EV +1)
((You are camouflaged when in or above water. (Stealth+)))
You have tentacles for arms and can constrict up to eight enemies at once.


Message History

The hobgoblin misses you.
You tentacle-slap the hobgoblin.
You squeeze the hobgoblin, but do no damage.
The hobgoblin is almost dead.
You constrict the hobgoblin, but do no damage.
The hobgoblin barely misses you.
You tentacle-slap the hobgoblin but do no damage.
The hobgoblin is almost dead.
You constrict the hobgoblin, but do no damage.
The hobgoblin closely misses you.
You tentacle-slap the hobgoblin.
You kill the hobgoblin!
You barely miss the endoplasm. You tentacle-slap the endoplasm.
The endoplasm is moderately wounded.
The endoplasm freezes you.
You are frozen.
You tentacle-slap the endoplasm.
The endoplasm is severely wounded.
The endoplasm freezes you.
You are frozen.
You tentacle-slap the endoplasm but do no damage.
You squeeze the endoplasm.
You kill the endoplasm!
You tentacle-slap the kobold but do no damage.
Your grab misses the kobold.
A dart slug comes into view.
The kobold hits you with a +1 whip of venom.
Casting: Sting (safe; 6% risk of failure)
Confirm with . or Enter, or press ? or * to list all spells.
Aiming: Sting (safe; 6% risk of failure)
Press: ? - help, Shift-Dir - straight line, f - kobold
Aim: a kobold, wielding a +1 whip of venom (64% to hit)
The sting misses the kobold.
The kobold hits you with a +1 whip of venom.
* * * LOW HITPOINT WARNING * * *
You are lethally poisoned!
It was a potion of enlightenment.
You feel very buoyant.
You fly up into the air.
You die...

####### .w...$.
....... .......
....... .......
......K######
#@...≈# #....≈# #.#
#....≈# #.#
#≈≈≈≈≈## #.#
######'# #.# ##.#.#
#.# ##.†..#
#.#####.....#
#######.##........#


You could see a dart slug and a kobold.

Vanquished Creatures
  An endoplasm (D:1)
  A giant cockroach (D:1)
  2 goblins (D:1)
  2 hobgoblins (D:1)
  4 ball pythons (D:1)
  A kobold (D:1)
  A rat (D:1)
12 creatures vanquished.

Notes
Turn   | Place    | Note
-------+----------+-------------------------------------------
     0 | D:1      | Ijustatesigmund the Octopode Venom Mage began the quest for
                  | the Orb.
     0 | D:1      | Reached XP level 1. HP: 11/11 MP: 3/3
   238 | D:1      | Reached XP level 2. HP: 18/18 MP: 5/5
   254 | D:1      | Succumbed to a kobold's poison

Illustrated notes

Levels and vault maps discovered:
D:1:      ebering_hopf_link, layout_rooms, hangedman_decor_slide_cut,
          chequers_serial_rivers_room_a, chequers_serial_rivers_micro_c

Action                     || total
---------------------------++-------
  Melee: Unarmed           ||    21
         Constrict         ||     6
         Tentacles         ||     6
         Punch             ||     1
   Cast: Sting             ||     7
    Use: Potion            ||     1
 Armour: Skin              ||     1
  Dodge: Dodged            ||     8

Table legend: (Time is in decaauts)
 A = Elapsed time spent in this place.
 B = Non-inter-level travel time spent in this place.
 C = Inter-level travel time spent in this place.
 D = Time resting spent in this place.
 E = Time spent auto-exploring this place.
 F = Levels seen in this place.
 G = Mean time per level.
                   A        B        C        D        E       F      G
               +--------+--------+--------+--------+--------+-----+--------+
         Total |    254 |    254 |      0 |    134 |     61 |   1 |  254.0 |
       Dungeon |    254 |    254 |      0 |    134 |     61 |   1 |  254.0 |
               +--------+--------+--------+--------+--------+-----+--------+

Top non-repeatable levels by time:
     D:1: 254 daAuts
